AoeStats
← ska_18

Socotra

504981316Analyzed
3v3 RM · 25d ago on Sep 7, 2026· 29m 17s· 6 players
Game mode
Random Map
Map size
128×128
Population
200
Speed
Normal
Resources
Standard
Victory
Conquest
Starting age
Dark Age
Ending age
Imperial Age
RankedLock teamsTeams togetherTeam positionsShared explorationLock speedFull tech treeHidden civsTurbo modeCheats
Victory
Defeat
🇨🇳 Tatars · China
1166
+13
🇨🇳 Khmer · China
1147
+14
🇨🇳 Koreans · China
1129
+14
🇹🇷 Vietnamese · Türkiye
1111
-14
🇪🇸 Sicilians · Spain
1098
-14
🇦🇹 Saracens · Austria
1070
-13
Immortal The First
7:42 Loom
10:07 Feudal Age
10:36 Double-Bit Axe
18:44 Fletching
18:55 Padded Archer Armor
27:07 Castle Age
NathiousEsp
1:16 Loom
10:30 Feudal Age
10:43 Feudal Age
13:25 Wheelbarrow
12:37 Town Watch
20:15 Castle Age
18:42 Double-Bit Axe
18:40 Horse Collar
18:55 Fletching
23:58 Hand Cart
27:07 Town Patrol
ska_18
1830551726
0:25 Loom
11:08 Feudal Age
11:50 Double-Bit Axe
14:03 Bloodlines
15:36 Horse Collar
19:20 Scale Barding Armor
21:20 Forging
23:44 Castle Age
24:20 Light Cavalry
25:21 Stone Mining
25:39 Heavy Plow
28:02 Iron Casting
27:44 Bow Saw
28:42 Chain Barding Armor
我是小菜鸡
2:24 Loom
10:20 Feudal Age
23:43 Castle Age
22:57 Double-Bit Axe
23:23 Gold Mining
23:24 Stone Mining
23:46 Crossbowman
24:32 Thumb Ring
逆天小肥猪
Connection lost

Rejoining the realm…

Still unreachable

The connection could not be restored.

Session expired

The server has moved on; the page needs a fresh start.